 Dungeon Sprint DCSS version 0.30-a0-389-g8d7d949f56 (webtiles) character file.

Game seed: 8759054831229646600

328 rocky1 the Fighter (level 6, -7/112 HPs)
             Began as an Ogre Monk on Dec 4, 2022.
             Was a High Priest of Cheibriados.
             Mangled by a swamp dragon (12 damage)
             ... in the Dungeon (Sprint VII: "The Pits").
             The game lasted 00:02:19 (469 turns).

rocky1 the Fighter (Ogre Monk)                       Turns: 469, Time: 00:02:20

Health: -7/112     AC:  3    Str: 30    XL:     6   Next: 50%
Magic:  10/10      EV: 15    Int: 23    God:    Cheibriados [*****.]
Gold:   0          SH:  0    Dex: 23    Spells: 5/5 levels left

rFire   . . .      SeeInvis .    n - +4 mace (vorpal)
rCold   . . .      Faith    .    (no shield)
rNeg    . . .      Spirit   .    b - +0 robe
rPois   .          Reflect  .    (helmet restricted)
rElec   .          Harm     .    (no cloak)
rCorr   .          Rampage  .    (gloves unavailable)
Will    .....      NoTele   +    (boots unavailable)
Stlth   ..........               (no amulet)
HPRegen 0.38/turn                (no ring)
MPRegen 0.12/turn                (no ring)

@: berserking (expiring), lethally poisoned (-7 -> -19), very slow
A: large, unfitting armour, tough skin 1
a: Renounce Religion, Bend Time, Temporal Distortion, Slouch, Step From Time


You were in the Dungeon.
You worshipped Cheibriados.
Cheibriados was extremely pleased with you.
You visited 1 branch

Inventory:

Hand Weapons
 a - a +0 mace
 m - a +2 mace
 n - a +4 vorpal mace (weapon)
Armour
 b - a +0 robe (worn)
Scrolls
 i - a scroll of blinking
 k - 5 scrolls of amnesia
 l - a scroll of summoning
Potions
 c - a potion of ambrosia
 d - 6 potions of curing
 e - 6 potions of heal wounds
 f - a potion of haste
 g - 4 potions of magic
 h - a potion of berserk rage
 j - 2 potions of invisibility


   Skills:
 + Level 9.3 Fighting
 + Level 6.5 Maces & Flails
 + Level 6.8 Dodging
 + Level 3.4 Stealth
 * Level 6.0 Invocations


You had 5 spell levels left.
You didn't know any spells.
Your spell library was empty.

Dungeon Overview and Level Annotations

Branches:
Dungeon (1/1)

Altars:
Ashenzari
Cheibriados
Dithmenos
Elyvilon
Fedhas
Gozag
Hepliaklqana
Kikubaaqudgha
Makhleb
Nemelex Xobeh
Okawaru
Qazlal
Ru
Sif Muna
Trog
Uskayaw
Vehumet
Wu Jian
Xom
Yredelemnul
Zin
The Shining One
Jiyva
Lugonu


Innate Abilities, Weirdness & Mutations

You are too large for most types of armour.
You have tough skin. (AC +1)


Message History

You are engulfed in poison gas.
You are more poisoned.
You feel very sick.
The swamp dragon breathes poison at you.
The blast of poison engulfs you!
You are more poisoned.
You barely miss the swamp dragon.
The swamp dragon is lightly wounded.
You feel very sick. The swamp dragon bites you. The swamp dragon claws you.
The swamp dragon tramples you.
You hold your ground!
You completely miss the swamp dragon.
The swamp dragon is lightly wounded.
You feel very sick.
The swamp dragon breathes poison at you.
The blast of poison engulfs you!
You are more poisoned.
* * * LOW HITPOINT WARNING * * *
Unknown command.
* * * LOW HITPOINT WARNING * * *
You feel extremely sick. The swamp dragon misses you.
The swamp dragon closely misses you. The swamp dragon tramples you!
* * * LOW HITPOINT WARNING * * *
You hold your ground!
There is an open door here.
You feel a strong urge to attack something.
* * * LOW HITPOINT WARNING * * *
You feel very sick. The swamp dragon barely misses you. x2
The swamp dragon tramples you but does no damage.
Unknown command.
You are too berserk!
Unknown command.
You are too berserk!
You sock the swamp dragon!
The swamp dragon is heavily wounded.
* * * LOW HITPOINT WARNING * * *
You feel very sick. The swamp dragon bites you!
You die...

#.#......†.##.......#
#.#........##.......#
#'###########.......#
#.†#.#.## #########
#.......# ##.#.#.##
#.......#+#
##.#.#.##.+
#......@#☼#
##.#.#..D.#
##########


You could see a swamp dragon.

Vanquished Creatures
  A warg (D)
  An ice beast (D)
  A necrophage (D)
  A jelly (D)
  A river rat (D)
  A white imp (D)
  An ufetubus (D)
  An adder skeleton (D)
  A ball python (D)
  2 endoplasms (D)
  2 kobolds (D)
  A bat (D)
  A frilled lizard (D)
  A rat (D)
16 creatures vanquished.

Notes
Turn   | Place    | Note
-------+----------+-------------------------------------------
     0 | D        | rocky1 the Ogre Monk began the quest for the Orb.
     0 | D        | Reached XP level 1. HP: 24/24 MP: 1/1
    21 | D        | Found a bloodstained altar of Trog.
    21 | D        | Found a shimmering blue altar of Sif Muna.
    21 | D        | Found a viscous altar of Jiyva.
    21 | D        | Found a hazy altar of Hepliaklqana.
    21 | D        | Found an opulent altar of Gozag.
    22 | D        | Found a glowing golden altar of the Shining One.
    22 | D        | Found a glowing silver altar of Zin.
    22 | D        | Found a basalt altar of Yredelemnul.
    22 | D        | Found a shimmering altar of Xom.
    22 | D        | Found an ornate altar of the Wu Jian Council.
    22 | D        | Found a sacrificial altar of Ru.
    22 | D        | Found a stormy altar of Qazlal.
    22 | D        | Found an iron altar of Okawaru.
    22 | D        | Found a sparkling altar of Nemelex Xobeh.
    22 | D        | Found a burning altar of Makhleb.
    22 | D        | Found a blossoming altar of Fedhas.
    22 | D        | Found a white marble altar of Elyvilon.
    22 | D        | Found a shadowy altar of Dithmenos.
    22 | D        | Found a snail-covered altar of Cheibriados.
    25 | D        | Found a corrupted altar of Lugonu.
    25 | D        | Found a radiant altar of Vehumet.
    26 | D        | Found an ancient bone altar of Kikubaaqudgha.
    26 | D        | Found a hide-covered altar of Uskayaw.
    26 | D        | Found a broken altar of Ashenzari.
    33 | D        | Became a worshipper of Cheibriados the Contemplative
    33 | D        | Reached * piety under Cheibriados
    33 | D        | Reached ** piety under Cheibriados
    89 | D        | Reached XP level 2. HP: 29/33 MP: 2/2
    91 | D        | Reached skill level 5 in Fighting
   116 | D        | Noticed an ice beast
   122 | D        | Reached *** piety under Cheibriados
   123 | D        | Reached skill level 1 in Invocations
   182 | D        | Killed an ice beast
   182 | D        | Reached **** piety under Cheibriados
   183 | D        | Reached skill level 7 in Fighting
   183 | D        | Reached skill level 5 in Dodging
   183 | D        | Reached XP level 3. HP: 10/46 MP: 2/5
   183 | D        | Reached XP level 4. HP: 12/55 MP: 2/6
   378 | D        | Noticed a warg
   381 | D        | Noticed a necrophage
   382 | D        | Killed a warg
   382 | D        | Reached ***** piety under Cheibriados
   383 | D        | Reached skill level 8 in Fighting
   383 | D        | Reached skill level 5 in Invocations
   383 | D        | Reached XP level 5. HP: 66/66 MP: 1/9
   383 | D        | Reached XP level 6. HP: 74/74 MP: 1/10
   386 | D        | Reached skill level 9 in Fighting
   459 | D        | Noticed a swamp dragon
   469 | D        | HP: 5/112 [poisoned by a swamp dragon (blast of poison)]
   469 | D        | Mangled by a swamp dragon

Illustrated notes

Levels and vault maps discovered:
D:        pitsprint [storerooms_1, entrance_room_1, metal_vault_4, armoury_1,
          mini_pit_1, grid_room_1, main_hall_1, silver_pit, the_coven_2,
          the_vestibule_1, steel_vault_4, golden_pit, hallway_of_sentries,
          crystal_vault_6, iron_vault_2, final_vault]

Skill      XL: |  1  2  3  4  5  6 |
---------------+-------------------+-----
Maces & Flails | 3 4 6 |  6.5
Dodging        | 3 5 6 |  6.8
Fighting       | 7 8 9 |  9.3
Invocations    | 3 5 6 |  6.0
Stealth        | 2 3 |  3.4

Action                   |  1- 3 |  4- 6 || total
-------------------------+-------+-------++-------
Melee: Mace              |    26 |    15 ||    41
       Punch             |       |     1 ||     1
Invok: Slouch            |       |     1 ||     1
  Use: Potion            |     1 |     1 ||     2
 Stab: Sleeping          |     2 |     1 ||     3
Armor: Robe              |    12 |     4 ||    16
Dodge: Dodged            |    17 |    10 ||    27

Table legend: (Time is in decaauts)
 A = Elapsed time spent in this place.
 B = Non-inter-level travel time spent in this place.
 C = Inter-level travel time spent in this place.
 D = Time resting spent in this place.
 E = Time spent auto-exploring this place.
 F = Levels seen in this place.
 G = Mean time per level.
                   A        B        C        D        E       F      G
               +--------+--------+--------+--------+--------+-----+--------+
         Total |    555 |    521 |     34 |    277 |      0 |   1 |  555.0 |
       Dungeon |    555 |    521 |     34 |    277 |      0 |   1 |  555.0 |
               +--------+--------+--------+--------+--------+-----+--------+

Top non-repeatable levels by time:
       D: 555 daAuts
